 Dungeon Crawl Stone Soup version 0.31-a0-152-g6aa68a64a1 (webtiles) character file.

Game seed: 11402501792343414540

17446 qw the Marksminotaur (level 12, -9/110 HPs)
             Began as a Minotaur Hunter on June 8, 2023.
             Was an Elder of Okawaru.
             Mangled by a tyrant leech simulacrum (10 damage)
             ... summoned by a boggart
             ... summoned by a glowing orange brain
             ... in a Gauntlet.
             The game lasted 00:05:17 (11389 turns).

qw the Marksminotaur (Minotaur Hunter)             Turns: 11389, Time: 00:05:18

Health: -9/110     AC: 10    Str: 15      XL:     12   Next: 19%
Magic:  14/15      EV: 31    Int:  4 (6)  God:    Okawaru [****..]
Gold:   571        SH:  0    Dex: 26      Spells: 11/11 levels left

rFire   . . .        Y - +0 orcbow
rCold   . . .        (shield currently unavailable)
rNeg    . . .        m - +0 troll leather armour
rPois   .            r - +1 hat
rElec   .            g - +0 cloak
rCorr   .            e - +1 pair of gloves
SInv    .            (no boots)
Will    .....        i - amulet of faith
Stlth   ++++         b - +6 ring of dexterity
HPRegen 1.18/turn    d - +5 ring of evasion
MPRegen 0.14/turn

%: no teleportation, faith
@: afraid, heroic
A: horns 2, retaliatory headbutt
a: Renounce Religion, Heroism, Finesse


You were in a Gauntlet.
You worshipped Okawaru.
Okawaru was greatly pleased with you.
You visited 3 branches of the dungeon, and saw 14 of its levels.
You also visited: Sewer and Gauntlet.

You collected 571 gold pieces.


Innate Abilities, Weirdness & Mutations

You have a pair of horns on your head.
You reflexively headbutt those who attack you in melee.


   Skills:
 - Level 11.0(16.0) Fighting
 - Level 16.0(21.0) Ranged Weapons
 - Level 4.0(9.0) Armour
 + Level 9.9(14.9) Dodging
 - Level 0.7(5.7) Stealth
 + Level 5.5 Invocations


You had 11 spell levels left.
You didn't know any spells.
Your spell library was empty.

Inventory:

Hand Weapons
 Y - a +0 orcbow (weapon)
Armour
 e - a +1 pair of gloves (worn)
 g - a +0 cloak (worn)
 m - a +0 troll leather armour (worn)
 r - a +1 hat (worn)
Jewellery
 b - a +6 ring of dexterity (left hand)
 d - a +5 ring of evasion (right hand)
 i - an amulet of faith (around neck)
 k - an amulet of reflection
Wands
 s - a wand of digging (4)
Scrolls
 l - 5 scrolls of teleportation
 q - 3 scrolls of identify
Potions
 c - a potion of mutation
 f - 2 potions of might
 j - a potion of haste
 p - a potion of curing
 t - a potion of resistance

Dungeon Overview and Level Annotations

Branches:
Dungeon (10/15)            Temple (1/1) D:7            Lair (3/5) D:8
 Spider (0/4) Lair:2        Sewer (visited)         Gauntlet (1/1)
  Swamp: Lair:2-3    Shoals: Lair:2-3       Orc: D:9-12

Altars:
Cheibriados
Dithmenos
Elyvilon
Fedhas
Gozag
Hepliaklqana
Makhleb
Nemelex Xobeh
Okawaru
Ru
Sif Muna
Trog
Uskayaw
Vehumet
Wu Jian
Yredelemnul
Zin
The Shining One

Shops:
D:1 [   D:4 (:

Annotations:
D:4 1 runed translucent door, qw's ghost, amateur MiHu
D:8 2 runed translucent doors Gauntlet 13 transporters


Message History

The glowing orange brain pulsates.
You are confused.
The gargoyle completely misses you.
11385 ||| DRINKING 2 potions of curing.
You feel better.
11385 ||| (to cure confusion)
Something hits you but does no damage. The yak completely misses you.
The boggart completely misses you. You furiously retaliate!
You headbutt the boggart!
The large abomination completely misses you.
You furiously retaliate!
You headbutt the large abomination. The catoblepas completely misses you.
The glowing orange brain pulsates.
You resist with some effort. The gargoyle completely misses you.
Something misses you.
You shoot an arrow. The arrow hits the boggart.
The boggart is severely wounded.
The boggart misses you. The yak completely misses you. x2
You furiously retaliate!
You headbutt the yak.
The large abomination closely misses you.
The catoblepas completely misses you.
The gargoyle hurls a stone arrow at you.
The stone arrow hits you! Something misses you.
You shoot an arrow. The arrow hits the boggart!
You kill the boggart!
The boggart dissolves into shadows!
The catoblepas dissolves into shadows!
The shadow imp dissolves into shadows!
The yak misses you. The large abomination misses you.
You shoot an arrow. The arrow hits the yak!
The yak is heavily wounded.
Something hits you. The gargoyle misses you. You furiously retaliate!
You headbutt the gargoyle. The yak barely misses you. The yak misses you.
You furiously retaliate!
You headbutt the yak, but do no damage. The yak completely misses you.
The large abomination completely misses you.
You shoot an arrow. The arrow hits the yak!
The yak is severely wounded.
Something hits you but does no damage.
You hear some strange, mumbled words.
The gargoyle hits you with a +0 mace!! The tyrant leech simulacrum bites you!
You die...

########################
......................~###
.......................#8#
##########.###########.###
..)[^$.sy#.#.uu.^=!..#.#
.#.#.#.#s#.#..##.##..#.###
..#.#.#..#.#.##{Z.##.#.#8#
.#.#.#.#.#.#Z#.XZY.#.#.###
..#.^.#..#.#.9YY@{Z..#.#
.#.#.#.#.#.#.#YY9G.#.#.###
s.#.#.#..#.#.##YG.##.#.#8#
.#.#.#.#y#.#..##.##..#.###
........s#.#.........#.#
######################.###
....^...........^#.....#8#
####.#############....~###
8~¤#.#..............####


You could see 2 glowing orange brains, a large abomination (summoned), 6 yaks, 2
gargoyles, 2 tyrant leech simulacra, a water nymph zombie (summoned) and a
basilisk skeleton (summoned).

Vanquished Creatures
  Gastronok (Lair:1)
  Fannar (D:10)
  A hydra (Lair:3)
  Erica (Lair:1)
  A two-headed ogre (D:8)
  A skyshark (Lair:2)
  Sonja (Lair:1)
  2 ugly things (Gauntlet)
  2 black mambas (Lair:2)
  A smoke demon (Gauntlet)
  4 cane toads
  Psyche (D:8)
  4 komodo dragons
  A meliai (Lair:2)
  2 trolls
  A polar bear (Lair:3)
  A hornet (D:7)
  5 flying skulls (Gauntlet)
  A wraith (D:10)
  10 yaks
  3 wyverns
  A basilisk (Lair:2)
  A steam dragon (D:6)
  Edmund (D:5)
  5 water moccasins
  An orc warrior (D:10)
  3 sky beasts (D:7)
  An ice beast (D:7)
  An ogre (D:5)
  2 centaurs
  2 phantoms
  10 bullfrogs
  2 gnoll sergeants
  3 scorpions
  4 wights
  14 killer bees
  4 howler monkeys
  3 electric eels
  4 crimson imps (Gauntlet)
  6 hounds
  5 iguanas
  3 jellies
  An orc priest (D:10)
  3 sleepcaps
  Natasha (twice) (D:2)
  4 orc wizards
  Robin (D:3)
  10 gnolls
  9 adders
  A shadow imp (D:7)
  5 white imps
  An ufetubus (D:7)
  4 worms
  4 dart slugs
  16 orcs
  13 ball pythons
  6 bats
  14 endoplasms
  9 giant cockroaches
  15 goblins
  11 hobgoblins
  7 jackals
  10 quokkas
  11 frilled lizards
  11 kobolds
  5 rats
  A butterfly (D:7)
295 creatures vanquished.

Notes
Turn   | Place    | Note
-------+----------+-------------------------------------------
     0 | D:1      | qw the Minotaur Hunter began the quest for the Orb.
     0 | D:1      | Reached XP level 1. HP: 18/18 MP: 0/0
     0 | D:1      | 0 ||| qw: Version: 0.2-a-120-gdf1a93b
     0 | D:1      | 0 ||| qw: Game counter: 3131
     0 | D:1      | 0 ||| qw: Always use a shield: true
     0 | D:1      | 0 ||| qw: God list: Okawaru
     0 | D:1      | 0 ||| qw: Allow faded altars: false
     0 | D:1      | 0 ||| qw: Do Orc after D:15 true
     0 | D:1      | 0 ||| qw: Do second Lair branch before Depths: true
     0 | D:1      | 0 ||| qw: Lair rune preference: random
     0 | D:1      | 0 ||| qw: Plans: Normal
     0 | D:1      | 0 ||| PLANNING D:1-11
   106 | D:1      | Found Laco's Armour Boutique.
   112 | D:1      | 112 ||| SHOPLISTING +0 ring mail (48 gold, have 13).
   112 | D:1      | 112 ||| SHOPLISTING +1 cloak (138 gold, have 13).
   178 | D:1      | Reached XP level 2. HP: 25/25 MP: 1/1
   206 | D:1      | Reached skill level 5 in Ranged Weapons
   655 | D:1      | Reached skill level 3 in Fighting
   712 | D:1      | Reached XP level 3. HP: 20/31 MP: 2/2
   862 | D:1      | 862 ||| UPGRADING to +0 cloak.
   867 | D:1      | 867 ||| DROPPING ring of flight.
   868 | D:1      | 868 ||| READING 2 scrolls labelled XYCWIHUAPN.
   869 | D:1      | 869 ||| DROPPING scroll of poison.
   870 | D:1      | 870 ||| DROPPING scroll of butterflies.
   872 | D:1      | 872 ||| Stepping ~*~*~tactically~*~*~ (cloud).
   881 | D:1      | HP: 7/31 [poisoned by you (poison gas)]
  1067 | D:2      | Found a shimmering blue altar of Sif Muna.
  1070 | D:2      | 1070 ||| STAIRDANCE
  1384 | D:2      | 1384 ||| Stepping ~*~*~tactically~*~*~ (outnumbered).
  1386 | D:2      | 1386 ||| FLEEEEING.
  1445 | D:2      | 1445 ||| FLEEEEING.
  1498 | D:2      | Found the +7 lajatang of Order {silver, rMut}
  1699 | D:2      | Noticed Natasha
  1703 | D:2      | 1703 ||| Stepping ~*~*~tactically~*~*~ (outnumbered).
  1707 | D:2      | Killed Natasha
  1708 | D:2      | Reached skill level 6 in Ranged Weapons
  1708 | D:2      | Reached XP level 4. HP: 31/38 MP: 3/3
  1937 | D:2      | 1937 ||| UPGRADING to +0 pair of gloves.
  1942 | D:2      | 1942 ||| UPGRADING to amulet of regeneration.
  1947 | D:2      | 1947 ||| UPGRADING to +5 ring of evasion.
  1948 | D:2      | 1948 ||| READING scroll labelled BUJING KIBUNT.
  1949 | D:2      | 1949 ||| READING scroll labelled LOZUCU MI GIY.
  1954 | D:2      | 1954 ||| DRINKING 2 lumpy blue potions.
  1957 | D:2      | Noticed Natasha
  1965 | D:2      | Killed Natasha
  1966 | D:2      | Reached skill level 1 in Armour
  2038 | D:3      | Noticed Robin
  2058 | D:3      | Killed Robin
  2059 | D:3      | Reached XP level 5. HP: 44/45 MP: 4/4
  2148 | D:3      | Found a sparkling altar of Nemelex Xobeh.
  2392 | D:3      | Found a faded altar of an unknown god.
  2543 | D:3      | Found a basalt altar of Yredelemnul.
  2704 | D:3      | Reached skill level 7 in Ranged Weapons
  2882 | D:3      | 2882 ||| UPGRADING to +0 ring mail.
  2892 | D:3      | 2892 ||| DROPPING +0 leather armour.
  2893 | D:3      | 2893 ||| UPGRADING to +4 ring of slaying {mikee}.
  2965 | D:4      | Found a glowing silver altar of Zin.
  3101 | D:4      | Found Byxuogee's Antique Weapon Boutique.
  3134 | D:4      | Reached skill level 3 in Armour
  3134 | D:4      | Reached XP level 6. HP: 49/52 MP: 5/5
  3174 | D:4      | Found a runed translucent door.
  3174 | D:4      | Noticed qw's ghost (amateur MiHu)
  3205 | D:4      | Found Kiockem's Self-Improvement Boutique.
  3322 | D:4      | Found a bloodstained altar of Trog.
  3720 | D:4      | 3720 ||| READING scroll labelled JEIRRI RASI.
  3721 | D:4      | 3721 ||| DRINKING 2 fuming green potions.
  3722 | D:4      | 3722 ||| DRINKING 2 bubbling brown potions.
  3770 | D:4      | 3770 ||| DRINKING 2 amethyst potions.
  3771 | D:4      | 3771 ||| READING 2 scrolls of identify.
  3771 | D:4      | 3771 ||| IDENTIFYING brown potion
  3772 | D:4      | 3772 ||| DROPPING potion of brilliance.
  3773 | D:4      | 3773 ||| DROPPING potion of lignification.
  3803 | D:5      | Entered Level 5 of the Dungeon
  3804 | D:5      | 3804 ||| PLANNING SEWER
  3924 | D:5      | Found a glowing drain.
  3929 | D:5      | 3929 ||| DROPPING amulet of guardian spirit.
  3930 | D:5      | 3930 ||| DRINKING 3 bubbling emerald potions.
  3931 | D:5      | 3931 ||| READING 3 scrolls of identify.
  3931 | D:5      | 3931 ||| IDENTIFYING lumpy orange potion
  3932 | D:5      | 3932 ||| READING 2 scrolls of identify.
  3932 | D:5      | 3932 ||| IDENTIFYING fuming yellow potion
  3933 | D:5      | 3933 ||| DROPPING 2 potions of enlightenment.
  3946 | Sewer    | Entered a sewer
  3999 | Sewer    | 3999 ||| Stepping ~*~*~tactically~*~*~ (water).
  4013 | Sewer    | 4013 ||| Stepping ~*~*~tactically~*~*~ (water).
  4029 | Sewer    | 4029 ||| Stepping ~*~*~tactically~*~*~ (water).
  4049 | Sewer    | 4049 ||| Stepping ~*~*~tactically~*~*~ (water).
  4055 | Sewer    | 4055 ||| Stepping ~*~*~tactically~*~*~ (water).
  4062 | Sewer    | 4062 ||| Stepping ~*~*~tactically~*~*~ (water).
  4068 | Sewer    | 4068 ||| Stepping ~*~*~tactically~*~*~ (water).
  4072 | Sewer    | Reached skill level 8 in Ranged Weapons
  4085 | Sewer    | 4085 ||| Stepping ~*~*~tactically~*~*~ (water).
  4112 | Sewer    | 4112 ||| Stepping ~*~*~tactically~*~*~ (water).
  4134 | Sewer    | 4134 ||| Stepping ~*~*~tactically~*~*~ (water).
  4148 | Sewer    | 4148 ||| Stepping ~*~*~tactically~*~*~ (water).
  4150 | Sewer    | 4150 ||| Stepping ~*~*~tactically~*~*~ (water).
  4152 | Sewer    | 4152 ||| Stepping ~*~*~tactically~*~*~ (water).
  4185 | Sewer    | Reached XP level 7. HP: 61/61 MP: 6/6
  4209 | D:5      | 4209 ||| PLANNING D:1-11
  4268 | D:5      | Noticed Edmund
  4274 | D:5      | Reached skill level 3 in Dodging
  4276 | D:5      | Killed Edmund
  4279 | D:5      | 4279 ||| FLEEEEING.
  4280 | D:5      | 4280 ||| FLEEEEING.
  4434 | D:5      | Reached skill level 9 in Ranged Weapons
  4590 | D:5      | 4590 ||| UPGRADING to amulet of reflection.
  4600 | D:5      | 4600 ||| DROPPING amulet of regeneration.
  4642 | D:6      | 4642 ||| STAIRDANCE
  4695 | D:6      | 4695 ||| STAIRDANCE
  4730 | D:6      | Reached XP level 8. HP: 69/70 MP: 7/7
  4733 | D:6      | 4733 ||| STAIRDANCE
  4740 | D:5      | Reached skill level 6 in Fighting
  4901 | D:6      | 4901 ||| STAIRDANCE
  4951 | D:6      | 4951 ||| STAIRDANCE
  4989 | D:6      | Identified the +9 spear of Guajur {distort, Stlth+}
  4990 | D:6      | 4990 ||| STAIRDANCE
  5049 | D:6      | 5049 ||| STAIRDANCE
  5099 | D:6      | 5099 ||| STAIRDANCE
  5241 | D:6      | Found a shadowy altar of Dithmenos.
  5319 | D:6      | Reached skill level 10 in Ranged Weapons
  5386 | D:6      | 5386 ||| Stepping ~*~*~tactically~*~*~ (cloud).
  5906 | D:6      | 5906 ||| DROPPING ring of resist corrosion.
  5907 | D:6      | 5907 ||| READING scroll labelled SUMMOYTA HEAC.
  5908 | D:6      | 5908 ||| READING scroll labelled AMMOSI RIHOEJO.
  6018 | D:6      | 6018 ||| READING 2 scrolls of identify.
  6018 | D:6      | 6018 ||| IDENTIFYING purple potion
  6019 | D:6      | 6019 ||| DROPPING potion of degeneration.
  6033 | D:7      | 6033 ||| STAIRDANCE
  6064 | D:7      | 6064 ||| STAIRDANCE
  6071 | D:6      | HP: 5/73 [wight/+0 great sword (15)]
  6072 | D:6      | 6072 ||| DRINKING 3 potions of heal wounds.
  6076 | D:6      | HP: 18/73 [hound (3)]
  6077 | D:6      | 6077 ||| DRINKING 2 potions of heal wounds.
  6245 | D:7      | 6245 ||| STAIRDANCE
  6286 | D:7      | 6286 ||| STAIRDANCE
  6290 | D:6      | Reached skill level 11 in Ranged Weapons
  6290 | D:6      | Reached XP level 9. HP: 64/79 MP: 8/8
  6414 | D:7      | Found a staircase to the Ecumenical Temple.
  6415 | D:7      | 6415 ||| PLANNING TEMPLE
  6415 | D:7      | 6415 ||| READING scroll labelled SORIEX NUIN.
  6428 | Temple   | Entered the Ecumenical Temple
  6472 | Temple   | 6472 ||| PLANNING OKAWARU WORSHIP
  6489 | Temple   | Became a worshipper of Warmaster Okawaru
  6489 | Temple   | 6489 ||| PLANNING D:1-11
  6562 | D:7      | Found a white marble altar of Elyvilon.
  6826 | D:7      | Reached * piety under Okawaru
  6829 | D:7      | Reached skill level 12 in Ranged Weapons
  6848 | D:7      | Noticed a troll
  6849 | D:7      | 6849 ||| INVOKING Heroism.
  6858 | D:7      | Killed a troll
  6859 | D:7      | Reached skill level 1 in Invocations
  6911 | D:7      | 6911 ||| Stepping ~*~*~tactically~*~*~ (outnumbered).
  6972 | D:7      | Reached skill level 3 in Invocations
  7134 | D:7      | You fall into a shaft and drop 3 floors!
  7134 | D:10     | Entered Level 10 of the Dungeon
  7181 | D:10     | 7181 ||| INVOKING Heroism.
  7204 | D:10     | Noticed Fannar
  7205 | D:10     | 7205 ||| INVOKING Heroism.
  7236 | D:10     | 7236 ||| INVOKING Heroism.
  7238 | D:10     | HP: 3/81 [Fannar/+0 quarterstaff of freezing (19)]
  7239 | D:10     | 7239 ||| DRINKING potion of heal wounds.
  7249 | D:10     | Killed Fannar
  7250 | D:10     | Reached skill level 13 in Ranged Weapons
  7250 | D:10     | Reached XP level 10. HP: 28/88 MP: 10/12
  7429 | D:10     | Found a hazy altar of Hepliaklqana.
  7434 | D:10     | 7434 ||| INVOKING Heroism.
  7505 | D:10     | 7505 ||| UPGRADING to +2 robe of cold resistance.
  7515 | D:10     | 7515 ||| DROPPING +0 ring mail.
  7516 | D:10     | 7516 ||| READING scroll labelled EMEUZ HOKUSCHATA.
  7617 | D:10     | 7617 ||| READING scroll labelled JELOPTA MEEDGH.
  7618 | D:10     | 7618 ||| READING scroll labelled XOMUJY LEIDAH.
  7619 | D:10     | 7619 ||| READING 3 scrolls of identify.
  7619 | D:10     | 7619 ||| IDENTIFYING smoky red potion
  7620 | D:10     | 7620 ||| READING 2 scrolls of identify.
  7620 | D:10     | 7620 ||| IDENTIFYING smoky cyan potion
  7621 | D:10     | 7621 ||| DROPPING potion of berserk rage.
  7646 | D:8      | 7646 ||| INVOKING Heroism.
  7698 | D:8      | Found an opulent altar of Gozag.
  7768 | D:8      | Found a staircase to the Lair.
  7808 | D:8      | Noticed a two-headed ogre
  7809 | D:8      | 7809 ||| INVOKING Heroism.
  7817 | D:8      | Killed a two-headed ogre
  7818 | D:8      | Reached skill level 6 in Dodging
  7847 | D:8      | 7847 ||| SWAPPING to +0 orcbow.
  7865 | D:8      | Reached skill level 9 in Fighting
  7935 | D:8      | 7935 ||| DROPPING +1 shortbow.
  7980 | D:8      | Noticed Psyche
  7981 | D:8      | 7981 ||| INVOKING Heroism.
  7997 | D:8      | Killed Psyche
  7997 | D:8      | Reached ** piety under Okawaru
  8064 | D:8      | 8064 ||| INVOKING Heroism.
  8096 | D:8      | Found a large runed translucent door.
  8097 | D:8      | Found a large runed translucent door.
  8140 | D:8      | 8140 ||| UPGRADING to +0 troll leather armour.
  8150 | D:8      | 8150 ||| DROPPING +2 robe of cold resistance.
  8151 | D:8      | 8151 ||| READING 2 scrolls of identify.
  8151 | D:8      | 8151 ||| IDENTIFYING glowing emerald potion
  8152 | D:8      | 8152 ||| DROPPING potion of invisibility.
  8228 | D:7      | Reached skill level 14 in Ranged Weapons
  8435 | D:7      | 8435 ||| PLANNING LAIR
  8511 | Lair:1   | Entered Level 1 of the Lair of Beasts
  8539 | Lair:1   | You fall into a shaft and drop 1 floor!
  8575 | Lair:2   | 8575 ||| INVOKING Heroism.
  8592 | Lair:2   | Noticed a cane toad
  8597 | Lair:2   | 8597 ||| INVOKING Heroism.
  8603 | Lair:2   | Killed a cane toad
  8604 | Lair:2   | Reached XP level 11. HP: 99/99 MP: 10/13
  8621 | Lair:2   | Found a hole to the Spider Nest.
  8649 | Lair:2   | 8649 ||| INVOKING Heroism.
  8723 | Lair:1   | 8723 ||| INVOKING Heroism.
  8881 | Lair:1   | Reached *** piety under Okawaru
  8892 | Lair:1   | 8892 ||| INVOKING Heroism.
  8941 | Lair:1   | 8941 ||| INVOKING Heroism.
  8946 | Lair:1   | Reached skill level 15 in Ranged Weapons
  9054 | Lair:1   | 9054 ||| INVOKING Heroism.
  9277 | Lair:1   | Noticed Erica
  9278 | Lair:1   | 9278 ||| INVOKING Heroism.
  9283 | Lair:1   | Killed Erica
  9534 | Lair:1   | Noticed Sonja
  9542 | Lair:1   | Killed Sonja
  9547 | Lair:1   | Noticed Gastronok
  9548 | Lair:1   | 9548 ||| INVOKING Heroism.
  9567 | Lair:1   | 9567 ||| INVOKING Heroism.
  9570 | Lair:1   | Killed Gastronok
  9920 | Lair:1   | 9920 ||| UPGRADING to +1 hat.
  9925 | Lair:1   | 9925 ||| DROPPING amulet of magic regeneration.
  9926 | Lair:1   | 9926 ||| UPGRADING to +6 ring of dexterity.
  9928 | Lair:1   | 9928 ||| UPGRADING to +5 ring of evasion.
  9930 | Lair:1   | 9930 ||| DROPPING +4 ring of slaying {mikee}.
  9931 | Lair:1   | 9931 ||| READING scroll labelled ELEDWU NEYFAI.
  9932 | Lair:1   | 9932 ||| READING 2 scrolls of identify.
  9932 | Lair:1   | 9932 ||| IDENTIFYING glowing red potion
  9951 | Lair:2   | Noticed a skyshark
  9960 | Lair:2   | Killed a skyshark
  9977 | Lair:2   | 9977 ||| INVOKING Heroism.
  9991 | Lair:2   | Reached skill level 9 in Dodging
 10050 | Lair:2   | 10050 ||| INVOKING Heroism.
 10177 | Lair:2   | 10177 ||| INVOKING Heroism.
 10248 | Lair:2   | 10248 ||| INVOKING Heroism.
 10259 | Lair:2   | Reached skill level 16 in Ranged Weapons
 10483 | Lair:2   | 10483 ||| INVOKING Heroism.
 10612 | Lair:2   | 10612 ||| UPGRADING to amulet of faith.
 10641 | Lair:3   | Noticed a four-headed hydra
 10642 | Lair:3   | 10642 ||| PLANNING GAUNTLET
 10642 | Lair:3   | 10642 ||| INVOKING Heroism.
 10646 | Lair:3   | 10646 ||| DRINKING 3 potions of cancellation.
 10655 | Lair:3   | Killed a four-headed hydra
 10655 | Lair:3   | Reached **** piety under Okawaru
 10656 | Lair:3   | 10656 ||| DRINKING 2 potions of cancellation.
 10659 | Lair:3   | 10659 ||| STAIRDANCE
 10712 | Lair:3   | 10712 ||| INVOKING Heroism.
 10758 | Lair:3   | Found a gate leading to a gauntlet.
 10759 | Lair:3   | 10759 ||| DROPPING ring of positive energy.
 10761 | Lair:3   | 10761 ||| INVOKING Heroism.
 10768 | Lair:3   | Reached XP level 12. HP: 110/110 MP: 11/14
 10773 | Gauntlet | Entered a Gauntlet
 10773 | Gauntlet | Found a transporter.
 10793 | Gauntlet | Found a transporter.
 10808 | Gauntlet | Found a transporter.
 10813 | Gauntlet | Found a transporter.
 10828 | Gauntlet | Found a transporter.
 10847 | Gauntlet | Found a transporter.
 10859 | Gauntlet | Found a transporter.
 10860 | Gauntlet | Noticed a dire elephant
 10865 | Gauntlet | Found a transporter.
 10867 | Gauntlet | Found a transporter.
 10884 | Gauntlet | Found a transporter.
 10886 | Gauntlet | Found the +27 heavy crossbow "Sniper" {heavy, Acc+∞ SInv}
 10888 | Gauntlet | Noticed a quicksilver ooze
 10896 | Gauntlet | Found a transporter.
 10902 | Gauntlet | Found a transporter.
 10902 | Gauntlet | Found a transporter.
 10904 | Gauntlet | Found a transporter.
 10921 | Gauntlet | Found a transporter.
 10927 | Gauntlet | Found a transporter.
 10970 | Gauntlet | Found a transporter.
 10997 | Gauntlet | Found a transporter.
 11325 | Gauntlet | 11325 ||| READING scroll of enchant armour.
 11325 | Gauntlet | 11325 ||| ENCHANTING +0 pair of gloves.
 11351 | Gauntlet | 11351 ||| INVOKING Heroism.
 11358 | Gauntlet | 11358 ||| DRINKING 6 potions of curing.
 11358 | Gauntlet | 11358 ||| (to cure confusion)
 11364 | Gauntlet | HP: 20/110 [raiju[a glowing orange brain] (9)]
 11365 | Gauntlet | 11365 ||| DRINKING potion of heal wounds.
 11369 | Gauntlet | 11369 ||| DRINKING potion of cancellation.
 11372 | Gauntlet | 11372 ||| DRINKING 5 potions of curing.
 11372 | Gauntlet | 11372 ||| (to cure confusion)
 11372 | Gauntlet | HP: 19/110 [torpor snail[a glowing orange brain] (7)]
 11376 | Gauntlet | Noticed a catoblepas
 11377 | Gauntlet | 11377 ||| DRINKING 4 potions of curing.
 11377 | Gauntlet | 11377 ||| (to cure confusion)
 11378 | Gauntlet | 11378 ||| INVOKING Heroism.
 11379 | Gauntlet | HP: 4/110 [large abomination[a glowing orange brain] (26)]
 11380 | Gauntlet | 11380 ||| DRINKING 3 potions of curing.
 11380 | Gauntlet | 11380 ||| (to cure confusion)
 11385 | Gauntlet | 11385 ||| DRINKING 2 potions of curing.
 11385 | Gauntlet | 11385 ||| (to cure confusion)
 11386 | Gauntlet | HP: 18/110 [gargoyle/stone arrow[a glowing orange brain]
                  | (8)]
 11389 | Gauntlet | HP: 1/110 [gargoyle/+0 mace[a glowing orange brain] (18)]
 11389 | Gauntlet | Mangled by a tyrant leech simulacrum

Levels and vault maps discovered:
D:1:      ebering_trefoil_3fold, layout_loops_cross, serial_co_window_serial,
          co_window_corner_a, co_window_corner_a, co_window_paths_a,
          co_window_paths_b, co_window_corner_a, co_window_corner_a,
          co_window_cross_1, co_window_2corner, co_window_of_opportunity_b,
          co_window_broadway_a, serial_shops, shop, hangedman_decor_growths
D:2:      layout_loops_ring, basic_altar, chequers_serial_rivers_marsh,
          minmay_distorted, uniq_crazy_yiuf_cottage, uniq_natasha
D:3:      layout_loops_corners, mainiacjoe_overflow_alcove_2,
          nemelex_spade_bored_becter, dreamdust_ecumenical_altar_grove,
          uniq_robin
D:4:      layout_layer_cave, mainiacjoe_overflow_surrounded_room, zin_treasury,
          hellmonk_ghost_happy_afterlife, serial_shops, shop_fountains,
          nicolae_shop_self_help
D:5:      layout_cave_pools, cheibrodos_sewer_entry_drain, uniq_edmund
D:6:      layout_basic, lemuel_tele_altar
D:7:      minmay_s_stair_smasher, layout_basic, nicolae_elyvilon_peaceful_grove,
          minmay_temple_entry_large_hall, minivault_19
D:8:      layout_basic, amcnicky_altar_gilded, jmf_multi_god_temple2,
          serial_bayou_lagoon_a, serial_bayou_pond_d, nicolae_titane,
          uniq_psyche
D:9:      layout_roguey, gammafunk_temple_overflow_arena, david_orc_1_choice
D:10:     layout_gridville, lemuel_doored_altar, general_overflow_altar,
          ebering_ghost_disaster_area, uniq_fannar
Temple:   zaba_magenta_temple
Lair:1:   layout_layer_cave, grunt_forest_small_clearings, serial_bayou_shore_a,
          uniq_erica, uniq_gastronok, uniq_sonja
Lair:2:   layout_long_grid, hellmonk_spider_entry_not_the_bees,
          serial_bayou_shore_b, grunt_megastairs_2
Lair:3:   statuecave_lemuel, layout_gridlike, elwin_shoals_entry_rocks,
          gauntlet_entry_generic
Gauntlet: gammafunk_gauntlet_one_two_three [gammafunk_gauntlet_arena_teeth,
          gammafunk_gauntlet_arena_chambers, gammafunk_gauntlet_arena_corners,
          nicolae_gauntlet_arena_quarters, nicolae_gauntlet_arena_grate_2,
          gammafunk_gauntlet_arena_mazey, nicolae_gauntlet_swirl,
          gammafunk_gauntlet_arena_grid, gammafunk_gauntlet_arena_split_diamond,
          nicolae_gauntlet_exit_dead_adventurers]

Skill      XL: |  1  2  3  4  5  6  7  8  9 10 11 12 |
---------------+-------------------------------------+-----
Ranged Weapons | 5 6 7 8 9 11 13 14 16 | 16.0
Fighting       | 3 4 5 7 8 10 11 | 11.0
Armour         | 1 3 4 |  4.0
Dodging        | 3 4 5 7 9 |  9.9
Invocations    | 4 5 |  5.5
Stealth        | |  0.7

Action                     |  1- 3 |  4- 6 |  7- 9 | 10-12 || total
---------------------------+-------+-------+-------+-------++-------
   Fire: Shortbow          |   147 |   247 |   342 |    28 ||   764
         Orcbow            |       |       |       |   367 ||   367
 Invoke: Heroism           |       |       |     4 |    25 ||    29
    Use: Scroll            |     1 |     6 |     4 |     9 ||    20
         Potion            |       |     5 |     3 |     9 ||    17
 Armour: Leather armour    |    23 |    16 |       |       ||    39
         Ring mail         |       |    10 |    39 |       ||    49
         Troll leather arm |       |       |       |    29 ||    29
  Dodge: Dodged            |    40 |    62 |   192 |   268 ||   562
  Block: Other             |       |       |    55 |    19 ||    74
         Reflection        |       |       |     1 |       ||     1

Table legend:
 A = Non-vault XP
 B = Vault XP
 C = Vault XP percentage of total XP
 D = Non-vault monster count
 E = Vault monster count
 F = Vault count percentage of total count
                 A         B        C        D         E       F
            +---------+---------+-------+---------+---------+-------
      Total |   14238 |   10686 |  42.9 |     189 |     105 |  35.7
            +---------+---------+-------+---------+---------+-------
        D:1 |      47 |       0 |   0.0 |      23 |       0 |   0.0
        D:2 |      78 |      38 |  32.8 |      19 |       3 |  13.6
        D:3 |     147 |      37 |  20.1 |      20 |      13 |  39.4
        D:4 |     157 |       0 |   0.0 |      16 |       0 |   0.0
        D:5 |     725 |     175 |  19.4 |      20 |       4 |  16.7
        D:6 |     814 |     468 |  36.5 |      15 |       4 |  21.1
        D:7 |    1110 |    1430 |  56.3 |      22 |      16 |  42.1
        D:8 |    2551 |     397 |  13.5 |      14 |       1 |   6.7
        D:9 |      74 |       0 |   0.0 |       3 |       0 |   0.0
       D:10 |     702 |     886 |  55.8 |       9 |       1 |  10.0
     Lair:1 |    2197 |    3128 |  58.7 |      11 |       3 |  21.4
     Lair:2 |    3820 |    1032 |  21.3 |      11 |       7 |  38.9
     Lair:3 |    1816 |       0 |   0.0 |       6 |       0 |   0.0
      Sewer |       0 |     195 | 100.0 |       0 |      41 | 100.0
   Gauntlet |       0 |    2900 | 100.0 |       0 |      12 | 100.0
            +---------+---------+-------+---------+---------+-------
